 Dungeon Crawl Stone Soup version 0.28.0-45-g0d030f2227 (webtiles) character file.

Game seed: 14252836054723919395

9862 pkoi the Martial Artist (level 11, -1/86 HPs)
             Began as a Demigod Venom Mage on Apr 13, 2022.
             Slain by a freezing wraith (8 damage)
             ... on level 9 of the Dungeon.
             The game lasted 00:28:11 (16163 turns).

pkoi the Martial Artist (Demigod Venom Mage)       Turns: 16163, Time: 00:28:12

Health: -1/86      AC:  8    Str: 19      XL:     11   Next: 8%
Magic:  12/22      EV: 17    Int: 31      God:
Gold:   178        SH:  0    Dex: 12 (14) Spells: 3/19 levels left

rFire   . . .      SeeInvis .     - Unarmed
rCold   . . .      Faith    .   (no shield)
rNeg    . . .      Spirit   .   I - +0 leather armour "Fucuyng" {Regen+}
rPois   .          Reflect  .   K - +2 hat
rElec   .          Harm     .   r - +1 cloak
rCorr   .          Rampage  .   (no gloves)
Will    +....                   y - +0 pair of boots "Amer Moi" {Str+4 Slay+6}
Stlth   ++........              s - amulet of magic regeneration
HPRegen 1.04/turn               c - +6 ring of strength
MPRegen 0.58/turn               j - +4 ring of evasion

@: slowed, very slow
A: high MP 1, forlorn, divine attributes, clever 1, subdued magic 1, MP-powered
wands
a: no special abilities


You were on level 9 of the Dungeon.
You visited 2 branches of the dungeon, and saw 10 of its levels.

You collected 623 gold pieces.
You spent 445 gold pieces at shops.

Inventory:

Hand Weapons
 f - a +0 short sword
 q - a +4 dagger of speed
 w - a +1 whip of freezing
 E - a +3 vorpal quarterstaff
Missiles
 u - 2 throwing nets
 H - 3 curare-tipped darts
Armour
 a - a +0 robe
 r - a +1 cloak (worn)
 y - the +0 pair of boots "Amer Moi" (worn) {Str+4 Slay+6}
   (You bought it in a shop on level 5 of the Dungeon)

   Str:       It affects your strength (+4).
   Slay:      It affects your accuracy & damage with ranged weapons and melee
   (+6).
 I - the +0 leather armour "Fucuyng" (worn) {Regen+}
   (You bought it in a shop on level 5 of the Dungeon)

   Regen:     It increases your rate of health regeneration.
 K - a +2 hat (worn)
Magical Staves
 G - a staff of fire
Jewellery
 c - a +6 ring of strength (left hand)
 g - a ring of flight
 j - a +4 ring of evasion (right hand)
 s - an amulet of magic regeneration (around neck)
 C - a ring of protection from cold
Wands
 n - a wand of iceblast (16)
 t - a wand of flame (18)
Scrolls
 e - 5 scrolls of enchant weapon
 i - 3 scrolls of teleportation
 k - 3 scrolls of identify
 o - a scroll of enchant armour
 p - 2 scrolls of holy word
 D - a scroll of amnesia
 J - a scroll of noise {unknown}
Potions
 b - a potion of cancellation {unknown}
 d - 5 potions of mutation
 h - 2 potions of haste {unknown}
 l - a potion of magic
 m - a potion of resistance
 v - a potion of lignification
 x - 4 potions of degeneration
 z - 3 potions of curing
 A - a potion of might
 B - a potion of brilliance
 F - a potion of berserk rage {unknown}


   Skills:
 - Level 5.0 Fighting
 + Level 2.0 Armour
 + Level 4.1 Dodging
 - Level 1.7 Stealth
 * Level 9.1 Unarmed Combat
 + Level 4.8 Spellcasting
 - Level 3.0 Conjurations
 + Level 2.0 Hexes
 - Level 3.0 Translocations
 - Level 3.0 Transmutations
 + Level 0.0 Fire Magic
 + Level 3.9 Air Magic
 - Level 6.0 Poison Magic
 + Level 5.3 Evocations


You had 3 spell levels left.
You knew the following spells:

 Your Spells              Type           Power      Damage    Failure   Level
a - Sting                 Tmut/Pois      100%       1d8       1%          1
b - Apportation           Tloc           40%        N/A       1%          1
c - Poisonous Vapours     Pois/Air       58%        N/A       1%          2
d - Mephitic Cloud        Conj/Pois/Air  26%        N/A       2%          3
e - Olgreb's Toxic Radia  Pois           34%        N/A       4%          4
f - Confusing Touch       Hex            15%        N/A       7%          3
g - Scorch                Fire           10%        2d6       8%          2

Your spell library contained the following spells:

 Spells                   Type           Power      Damage    Failure   Level
 Slow                     Hex            60%        N/A       1%          1
 Spider Form              Tmut/Pois      27%        N/A       2%          3
 Ensorcelled Hibernation  Hex/Ice        20%        N/A       4%          2
 Vampiric Draining        Necr           5%         2d6       17%         3
 Alistair's Intoxication  Tmut/Pois      18%        N/A       24%         5
 Flame Wave               Conj/Fire      12%        2d6       30%         4
 Anguish                  Hex/Necr       5%         N/A       34%         4
 Summon Cactus Giant      Summ           2%         N/A       100%        6


Dungeon Overview and Level Annotations

Branches:
Dungeon (9/15)             Temple (1/1) D:4
   Lair: D:8-11         Orc: D:9-12

Shops:
D:3 (   D:5 [

Annotations:
D:3 3 runed translucent doors, Icepheonix32's ghost, amateur DsFi
D:6 2 transporters, Menkaure


Innate Abilities, Weirdness & Mutations

You have an increased reservoir of magic. (+10% MP)
You shall have no god before yourself.
Your divine heritage dramatically boosts your attributes as you level up.
Your mind is acute. (Int +2)
Your spells are a little easier to cast, but a little less powerful.
You expend magic power (3 MP) to strengthen your wands.


Message History

The freezing wraith completely misses you.
The freezing wraith hits you.
* * * LOW HITPOINT WARNING * * *
The freezing wraith drains your vigour!
You feel as though you will be slow longer.
Casting: Scorch (safe; 8% risk of failure)
Confirm with . or Enter, or press ? or * to list all spells.
Flames lash the freezing wraith.
The freezing wraith is burned terribly!
The freezing wraith is heavily damaged.
The freezing wraith barely misses you. The freezing wraith hits you.
* * * LOW HITPOINT WARNING * * *
Unknown command.
Casting: Scorch (safe; 8% risk of failure)
Confirm with . or Enter, or press ? or * to list all spells.
Flames lash the freezing wraith.
The freezing wraith is burned terribly!
The freezing wraith is almost destroyed.
The freezing wraith hits you.
* * * LOW HITPOINT WARNING * * *
The freezing wraith freezes you!!
* * * LOW HITPOINT WARNING * * *
The freezing wraith hits you!
* * * LOW HITPOINT WARNING * * *
The freezing wraith drains your vigour!
You feel as though you will be slow longer.
The freezing wraith hits you but does no damage.
The freezing wraith misses you.
Your magical contamination has completely faded away.
There is a stone staircase leading up, spattered with blood here.
Okay, then.
Unknown command.
Okay, then.
Unknown command.
Aiming: Throw Flame
Press: ? - help, Shift-Dir - straight line, f - freezing wraith
Aim: a freezing wraith (severely damaged, more vulnerable to fire, 76% to hit)
You feel a surge of power!
The puff of flame hits the freezing wraith but does no damage.
The freezing wraith is severely damaged.
The freezing wraith hits you!
You die...

#.# #.#######.#### #.#
#.# #(# ## #.########.#
#.# #. #.##..)..))# #.#
#. #.#......#)####
#.###.
#.#..###)#....####.....
#.#..###.).)<...)[.....
#..........##<#########
###...@W.......# #
##.#######...# #
#......##.#.# #
######.##.#.# #
#.##.#.# # #.##.#.# #
##.##.#.# #
##>..#.#.########
###......#.#.......


You could see a freezing wraith (combustible).

Vanquished Creatures
  Gastronok (D:9)
  A centaur warrior (D:9)
  A two-headed ogre (D:9)
  Pikel (D:4)
  Joseph (D:7)
  A komodo dragon (D:9)
  A hornet (D:9)
  A shadow (D:8)
  Sigmund (D:3)
  2 wyverns (D:9)
  6 yaks
  A steam dragon (D:8)
  Edmund (D:6)
  Duvessa (D:7)
  A sky beast (D:6)
  A hornet zombie (D:9)
  Pargi (D:3)
  4 orc warriors
  2 black bears
  An ice beast (D:6)
  3 necrophages
  An ogre (D:6)
  9 centaurs
  5 kobold brigands
  2 gnoll sergeants (D:9)
  2 scorpions (D:6)
  5 bullfrogs
  Dowan (D:7)
  11 wights
  A bullfrog zombie (D:5)
  4 centaur zombies
  4 orc priests
  4 hounds
  2 jellies (D:5)
  2 bullfrog skeletons
  2 centaur skeletons
  2 gnoll shamans
  2 iguanas (D:5)
  7 orc wizards
  Natasha (twice) (D:3)
  A centaur simulacrum (D:9)
  A hound skeleton (D:5)
  A howler monkey zombie (D:9)
  16 gnolls
  3 adders
  A white imp (D:5)
  2 ufetubi
  An adder zombie (D:3)
  4 dart slugs
  16 orcs
  7 bats
  7 endoplasms
  3 giant cockroaches
  3 goblins
  4 hobgoblins
  8 jackals
  3 quokkas
  A ball python (D:4)
  A ball python zombie (D:3)
  3 frilled lizards
  17 kobolds
204 creatures vanquished.

Vanquished Creatures (others)
  A withered plant (D:3)
1 creature vanquished.

Grand Total: 205 creatures vanquished

Notes
Turn   | Place    | Note
-------+----------+-------------------------------------------
     0 | D:1      | pkoi the Demigod Venom Mage began the quest for the Orb.
     0 | D:1      | Reached XP level 1. HP: 14/14 MP: 5/5
   140 | D:1      | Reached skill level 1 in Transmutations
  1233 | D:2      | Reached XP level 2. HP: 20/20 MP: 5/7
  1363 | D:2      | Reached skill level 1 in Unarmed Combat
  1583 | D:2      | Learned a level 1 spell: Apportation
  1586 | D:2      | Learned a level 2 spell: Poisonous Vapours
  1828 | D:2      | Reached XP level 3. HP: 26/26 MP: 5/8
  2340 | D:3      | Noticed Pargi
  2469 | D:3      | Found Kaymom's Antique Weapon Boutique.
  2859 | D:3      | Found a runed translucent gate.
  2859 | D:3      | Found a runed translucent gate.
  2878 | D:3      | Noticed Sigmund
  2879 | D:3      | Found a runed translucent gate.
  2884 | D:3      | Killed Sigmund
  2885 | D:3      | Reached skill level 2 in Unarmed Combat
  2885 | D:3      | Reached skill level 1 in Air Magic
  2885 | D:3      | Reached XP level 4. HP: 15/33 MP: 6/10
  2885 | D:3      | Reached XP level 5. HP: 17/38 MP: 7/12
  2915 | D:3      | Noticed Icepheonix32's ghost (amateur DsFi)
  2928 | D:3      | Killed Pargi
  3172 | D:3      | Learned a level 3 spell: Mephitic Cloud
  3297 | D:3      | Noticed Natasha
  3309 | D:3      | Killed Natasha
  3310 | D:3      | Reached XP level 6. HP: 29/45 MP: 13/13
  3373 | D:3      | Noticed Natasha
  3383 | D:3      | Killed Natasha
  3712 | D:4      | Found a staircase to the Ecumenical Temple.
  3730 | Temple   | Entered the Ecumenical Temple
  4317 | D:4      | Reached skill level 1 in Conjurations
  4920 | D:4      | Noticed Pikel
  4941 | D:4      | Killed Pikel
  4942 | D:4      | Reached skill level 1 in Fighting
  4942 | D:4      | Reached skill level 3 in Unarmed Combat
  4942 | D:4      | Reached XP level 7. HP: 24/53 MP: 12/14
  5378 | D:5      | Entered Level 5 of the Dungeon
  5391 | D:5      | Reached skill level 4 in Unarmed Combat
  5599 | D:5      | Reached XP level 8. HP: 34/61 MP: 15/15
  5942 | D:5      | Reached skill level 5 in Poison Magic
  6121 | D:5      | Found Tetih's Antique Armour Boutique.
  6476 | D:5      | Reached skill level 5 in Unarmed Combat
  6476 | D:5      | Reached skill level 1 in Evocations
  7202 | D:6      | Learned a level 4 spell: Olgreb's Toxic Radiance
  7218 | D:6      | Found a transporter.
  7224 | D:6      | Noticed a kobold demonologist
  7275 | D:6      | Found a transporter.
  7460 | D:6      | Noticed Menkaure
  7640 | D:6      | Reached skill level 6 in Unarmed Combat
  7698 | D:6      | Identified the +2 quarterstaff of the Endless Expanse
                  | {distort, rCorr Int+2}
  7701 | D:6      | Reached XP level 9. HP: 58/71 MP: 13/17
  7776 | D:6      | Noticed Edmund
  7803 | D:6      | Killed Edmund
  9247 | D:7      | Noticed Joseph
  9281 | D:7      | Killed Joseph
  9285 | D:7      | Reached skill level 7 in Unarmed Combat
  9834 | D:7      | Noticed Dowan
  9836 | D:7      | Noticed Duvessa
  9848 | D:7      | Killed Dowan
  9854 | D:7      | Killed Duvessa
 13275 | D:5      | Bought a pair of crude boots for 256 gold pieces
 13275 | D:5      | Identified the +0 pair of boots "Amer Moi" {Str+4 Slay+6}
                  | (You bought it in a shop on level 5 of the Dungeon)
 13342 | D:8      | Reached XP level 10. HP: 20/57 MP: 20/20
 14360 | D:9      | Reached skill level 5 in Fighting
 14360 | D:9      | Reached skill level 1 in Translocations
 14362 | D:9      | Reached skill level 8 in Unarmed Combat
 14468 | D:9      | Noticed a two-headed ogre
 14508 | D:9      | Killed a two-headed ogre
 14921 | D:9      | Learned a level 3 spell: Confusing Touch
 15033 | D:5      | Bought a scorched leather armour for 189 gold pieces
 15033 | D:5      | Identified the +0 leather armour "Fucuyng" {Regen+} (You
                  | bought it in a shop on level 5 of the Dungeon)
 15180 | D:9      | Noticed a centaur warrior
 15193 | D:9      | Killed a centaur warrior
 15204 | D:9      | HP: 3/81 [orc warrior/+0 long sword (12)]
 15206 | D:9      | Reached skill level 1 in Hexes
 15206 | D:9      | Gained mutation: You expend magic power (3 MP) to
                  | strengthen your wands. [potion of mutation]
 15206 | D:9      | Gained mutation: Your spells are a little easier to cast,
                  | but a little less powerful. [potion of mutation]
 15206 | D:9      | Gained mutation: Your mind is acute. (Int +2) [potion of
                  | mutation]
 15421 | D:9      | Reached skill level 1 in Armour
 15441 | D:9      | Reached skill level 5 in Evocations
 15933 | D:9      | Noticed Gastronok
 15990 | D:9      | Killed Gastronok
 15991 | D:9      | Reached skill level 9 in Unarmed Combat
 15991 | D:9      | Reached XP level 11. HP: 38/86 MP: 22/22
 16137 | D:8      | Learned a level 2 spell: Scorch
 16161 | D:9      | HP: 4/86 [freezing wraith (8)]
 16163 | D:9      | Slain by a freezing wraith

Illustrated notes

Levels and vault maps discovered:
D:1:      arrival_zaba_pyramid, layout_rooms, nrook_uturn,
          minmay_misc_feat_encased, bh_walls_and_bars
D:2:      layout_basic, ebering_ecumenical_altar_sacrificial, basic_altar
D:3:      layout_basic, nicolae_qazlal_scattered_showers, serial_undead,
          serial_undead_a, serial_undead_b, serial_undead_d, serial_undead_e,
          serial_undead_d, serial_undead_a, gammafunk_ghost_nasty_kobolds,
          serial_shops, shop, uniq_sigmund, uniq_natasha, uniq_pargi
D:4:      layout_loops_cross, minmay_temple_entry_hall, uniq_pikel
D:5:      layout_rooms, serial_shops, nicolae_diamond_shop
D:6:      gammafunk_wand_slinger, layout_loops_corners,
          minmay_chambers_of_fives, uniq_edmund, uniq_menkaure
D:7:      layout_loops_ring, mainiacjoe_overflow_concentric_impassable,
          serial_co_window_serial, co_window_of_opportunity_a,
          co_window_paths_a, co_window_of_opportunity_a, co_window_corner_a,
          co_window_of_opportunity_a, co_window_corner_a,
          co_window_of_opportunity_a, co_window_2corner,
          co_window_of_opportunity_b, co_window_unsneaky_path_c,
          co_window_unsneaky_path_c, co_window_4corner_a, co_window_4corner_b,
          glass_columns_c, uniq_duvessa, uniq_joseph
D:8:      layout_cave_pools
D:9:      minmay_bloctagon, layout_loops_ring, grunt_temple_overflow_diamond,
          lightli_fourway_metalbox, uniq_gastronok
Temple:   eino_temple_rhombus

Skill      XL: |  1  2  3  4  5  6  7  8  9 10 11 |
---------------+----------------------------------+-----
Transmutations | 1 2 3 |  3.0
Spellcasting   | 2 3 4 |  4.8
Poison Magic   | 3 4 5 6 |  6.0
Unarmed Combat | 1 2 3 4 6 7 9 |  9.1
Air Magic      | 1 3 |  3.9
Conjurations   | 2 3 |  3.0
Fighting       | 1 2 3 4 5 |  5.0
Evocations     | 2 4 5 |  5.3
Dodging        | 2 4 |  4.1
Translocations | 3 |  3.0
Hexes          | 2 |  2.0
Armour         | 1 2 |  2.0
Stealth        | |  1.7

Action                   |  1- 3 |  4- 6 |  7- 9 | 10-12 || total
-------------------------+-------+-------+-------+-------++-------
Melee: Unarmed           |    41 |    23 |   258 |    94 ||   416
       Short sword       |    24 |    19 |       |       ||    43
       Punch             |     1 |     1 |    13 |     8 ||    23
 Cast: Sting             |    48 |    38 |    67 |    12 ||   165
       Poisonous Vapours |       |    35 |   100 |    28 ||   163
       Olgreb's Toxic Ra |       |       |     3 |    15 ||    18
       Scorch            |       |       |       |     6 ||     6
Evoke: Wand              |     2 |     2 |    22 |     7 ||    33
  Use: Scroll            |       |       |    14 |       ||    14
       Potion            |       |       |       |     4 ||     4
 Stab: Sleeping          |     1 |       |       |       ||     1
Armor: Robe              |    23 |    10 |    55 |    10 ||    98
       Leather armour    |       |       |       |    17 ||    17
Dodge: Dodged            |    72 |    58 |   278 |   123 ||   531
